 Dungeon Crawl Stone Soup version 0.28.0-53-g5a82cb258f (webtiles) character file.

Game seed: 4293114368629763270

791 Zeld the Magician (level 7, -5/36 HPs)
             Began as a Deep Elf Fire Elementalist on May 22, 2022.
             Shot with an arrow by a centaur (7 damage)
             ... on level 5 of the Dungeon.
             The game lasted 00:04:01 (5494 turns).

Zeld the Magician (Deep Elf Fire Elementalist)      Turns: 5494, Time: 00:04:01

Health: -5/36      AC:  2    Str:  5    XL:     7   Next: 57%
Magic:  7/19       EV: 14    Int: 22    God:
Gold:   129        SH:  0    Dex: 15    Spells: 13/19 levels left

rFire   . . .      SeeInvis .   a - +2 dagger (drain)
rCold   . . .      Faith    .   (no shield)
rNeg    . . .      Spirit   .   i - +0 robe
rPois   .          Reflect  .   (no helmet)
rElec   .          Harm     .   (no cloak)
rCorr   .          Rampage  .   (no gloves)
Will    .....                   (no boots)
Stlth   ++........              (no amulet)
HPRegen 0.12/turn               (no ring)
MPRegen 0.16/turn               (no ring)

@: no status effects
A: no striking features
a: no special abilities


You were on level 5 of the Dungeon.
You visited 1 branch of the dungeon, and saw 5 of its levels.

You collected 129 gold pieces.

Inventory:

Hand Weapons
 a - a +2 dagger of draining (weapon)
Armour
 i - a +0 robe (worn)
Jewellery
 b - a ring of protection from fire
Scrolls
 d - 3 scrolls of holy word {unknown}
 e - a scroll of amnesia {unknown}
 f - 5 scrolls of identify {unknown}
 g - 2 scrolls of immolation {unknown}
 h - a scroll of noise {unknown}
 j - a scroll of blinking {unknown}
 k - a scroll of enchant weapon {unknown}
 n - 2 scrolls of teleportation {unknown}
 o - a scroll of fog {unknown}
 q - a scroll of magic mapping {unknown}
Potions
 c - 2 potions of curing {unknown}
 l - 2 potions of flight {unknown}
 m - a potion of cancellation {unknown}
 p - a potion of heal wounds


   Skills:
 + Level 4.5 Dodging
 - Level 2.4 Stealth
 * Level 6.6 Spellcasting
 + Level 3.6 Conjurations
 + Level 3.4 Hexes
 * Level 6.0 Fire Magic


You had 13 spell levels left.
You knew the following spells:

 Your Spells              Type           Power      Damage    Failure   Level
a - Foxfire               Conj/Fire      100%       2x1d9     1%          1
b - Scorch                Fire           66%        2d8       1%          2
c - Inner Flame           Hex/Fire       28%        N/A       3%          3

Your spell library contained the following spells:

 Spells                   Type           Power      Damage    Failure   Level
 Conjure Flame            Conj/Fire      28%        6-21      3%          3
 Flame Wave               Conj/Fire      28%        2d8       12%         4


Dungeon Overview and Level Annotations

Branches:
Dungeon (5/15)
 Temple: D:4-7

Altars:
Trog

Annotations:
D:3 Ijyb


Message History

Flames lash the ogre.
The ogre is heavily wounded.
The ogre's fire resistance burns away.
The adder closely misses you.
The ogre hits you with a +0 giant club!!
Ouch! That really hurt!
* * * LOW HITPOINT WARNING * * *
Unknown command.
Casting: Scorch (safe; 1% risk of failure)
Confirm with . or Enter, or press ? or * to list all spells.
Flames lash the ogre.
The ogre is burned terribly!
The ogre is almost dead.
The adder misses you. The ogre hits you with a +0 giant club.
* * * LOW HITPOINT WARNING * * *
The adder misses you.
Unknown command.
Casting: Scorch (safe; 1% risk of failure)
Confirm with . or Enter, or press ? or * to list all spells.
Flames lash the adder.
The adder is heavily wounded.
The adder's fire resistance burns away.
You hear a shout!
The adder bites you.
* * * LOW HITPOINT WARNING * * *
Unknown command.
Casting: Scorch (safe; 1% risk of failure)
Confirm with . or Enter, or press ? or * to list all spells.
Flames lash the adder.
The adder is burned terribly!
You kill the adder!
The ogre completely misses you.
Unknown command.
Casting: Scorch (safe; 1% risk of failure)
Confirm with . or Enter, or press ? or * to list all spells.
Flames lash the ogre.
The ogre is burned terribly!
You kill the ogre!
A centaur comes into view.
Your Fire Magic skill increases to level 6!
Unknown command.
The centaur wields a +0 vorpal shortbow.
The centaur shoots an arrow.
The arrow hits you!
You die...

#c #. #. ## #.
.. #. .### #.
... .
######†##.##....
.......@).)..#
##..#####)......
....).. .######
.# .# ##


You could see a centaur.

Vanquished Creatures
  Grinder (D:3)
  A sky beast (D:4)
  2 ogres
  A scorpion (D:4)
  An iguana (D:4)
  Natasha (thrice) (D:3)
  An orc wizard (D:4)
  A killer bee zombie (D:4)
  5 adders
  3 worms
  4 dart slugs
  7 orcs
  4 bats
  2 endoplasms
  3 giant cockroaches
  6 goblins
  4 hobgoblins
  6 jackals
  3 quokkas
  6 ball pythons
  9 kobolds
  4 rats
77 creatures vanquished.

Vanquished Creatures (others)
  50 foxfires (D:1)
50 creatures vanquished.

Grand Total: 127 creatures vanquished

Notes
Turn   | Place    | Note
-------+----------+-------------------------------------------
     0 | D:1      | Zeld the Deep Elf Fire Elementalist began the quest for the
                  | Orb.
     0 | D:1      | Reached XP level 1. HP: 10/10 MP: 6/6
   383 | D:1      | Found a faded altar of an unknown god.
   403 | D:1      | Reached XP level 2. HP: 15/15 MP: 0/8
   406 | D:1      | Learned a level 2 spell: Scorch
  1081 | D:1      | Reached XP level 3. HP: 15/19 MP: 0/10
  1085 | D:1      | Learned a level 3 spell: Inner Flame
  2456 | D:3      | Reached XP level 4. HP: 24/24 MP: 3/12
  2480 | D:3      | Noticed Natasha
  2486 | D:3      | Killed Natasha
  2487 | D:3      | Reached skill level 1 in Hexes
  2502 | D:3      | Noticed Natasha
  2570 | D:3      | Killed Natasha
  2615 | D:3      | Noticed Grinder
  2616 | D:3      | Paralysed by Grinder for 6 turns
  2624 | D:3      | Killed Grinder
  2625 | D:3      | Reached skill level 5 in Spellcasting
  2625 | D:3      | Reached skill level 5 in Fire Magic
  2625 | D:3      | Reached XP level 5. HP: 8/28 MP: 6/14
  2625 | D:3      | Reached XP level 6. HP: 9/32 MP: 6/15
  2866 | D:3      | Found a bloodstained altar of Trog.
  3445 | D:3      | Noticed Natasha
  3452 | D:3      | Killed Natasha
  3511 | D:3      | Noticed Ijyb
  4584 | D:4      | Noticed a sky beast
  4648 | D:4      | Killed a sky beast
  4649 | D:4      | Reached XP level 7. HP: 36/36 MP: 12/18
  5361 | D:5      | Entered Level 5 of the Dungeon
  5491 | D:5      | HP: 1/36 [adder (5)]
  5494 | D:5      | Shot with an arrow by a centaur

Illustrated notes

Levels and vault maps discovered:
D:1:      nagdon_arrival_double_spiral, layout_basic,
          hellmonk_ecumenical_altar_dog_temple
D:2:      layout_basic
D:3:      layout_basic, mainiacjoe_overflow_24_doors, uniq_grinder, uniq_ijyb,
          uniq_natasha
D:4:      layout_basic
D:5:      layout_loops_cross, supply_closet_lemuel

Skill      XL: |  1  2  3  4  5  6  7 |
---------------+----------------------+-----
Conjurations   | 2 3 |  3.6
Spellcasting   | 4 5 6 |  6.6
Fire Magic     | 4 5 6 |  6.0
Dodging        | 3 4 |  4.5
Hexes          | 2 3 |  3.4
Stealth        | |  2.4

Action                   |  1- 3 |  4- 6 |  7- 9 || total
-------------------------+-------+-------+-------++-------
Melee: Unarmed           |     3 |       |       ||     3
       Dagger            |       |     7 |     1 ||     8
 Cast: Foxfire           |    39 |       |       ||    39
       Scorch            |    31 |    39 |    31 ||   101
Armor: Robe              |     3 |     3 |     1 ||     7
Dodge: Dodged            |    17 |    14 |    19 ||    50
